 Dungeon Crawl Stone Soup version 0.29.1-1-gd02db6906a (webtiles) character file.

Game seed: 17418495468261323996

19946 NullDivider the Covert (level 12, -3/67 HPs)
             Began as an Octopode Venom Mage on Sept 27, 2022.
             Was a High Priest of Elyvilon.
             Slain by a seven-headed hydra (14 damage)
             ... on level 3 of the Lair of Beasts on Sept 28, 2022.
             The game lasted 02:25:12 (19488 turns).

NullDivider the Covert (Octopode Venom Mage)       Turns: 19488, Time: 02:25:13

Health: -3/67      AC:  5    Str: 12    XL:     12   Next: 74%
Magic:  13/24      EV: 17    Int: 26    God:    Elyvilon [*****.]
Gold:   694        SH:  0    Dex: 14    Spells: 9/28 levels left

rFire   . . .      SeeInvis .   e - +6 rapier "Oraez" {vorpal, Str+4 Int+6}
rCold   . . .      Faith    .   (no shield)
rNeg    . . .      Spirit   .   (helmet restricted)
rPois   +          Reflect  .   (no amulet)
rElec   .          Harm     .   r - ring of resist corrosion
rCorr   +          Rampage  .   y - ring of poison resistance
Will    .....                   z - +4 ring of protection
Stlth   ++++++....              (no ring)
HPRegen 0.21/turn               (no ring)
MPRegen 0.19/turn               (no ring)
                                (no ring)
                                (no ring)

@: about to teleport, studying Shields
A: almost no armour, amphibious, 8 rings, camouflage 1, gelatinous body 1,
(nimble swimmer 1), tentacles
a: Renounce Religion, Purification, Heal Other, Heal Self, Divine Vigour


You were on level 3 of the Lair of Beasts.
You worshipped Elyvilon.
Elyvilon was extremely pleased with you.
You visited 2 branches of the dungeon, and saw 13 of its levels.
You also visited: Bailey.

You collected 970 gold pieces.
You spent 276 gold pieces at shops.

Inventory:

Hand Weapons
 e - the +6 rapier "Oraez" (weapon) {vorpal, Str+4 Int+6}
   (You bought it in a shop on level 4 of the Dungeon)

   It inflicts extra damage upon your enemies.
   Str:       It affects your strength (+4).
   Int:       It affects your intelligence (+6).
 o - a +2 long sword of electrocution
 E - the +6 short sword "Hydrabane" {venom, Int+7 Stlth-}
   (You found it on level 7 of the Dungeon)

   It poisons the flesh of those it strikes.
   Int:       It affects your intelligence (+7).
   Stlth:     It makes you less stealthy.
Jewellery
 r - a ring of resist corrosion (left tentacle)
 y - a ring of poison resistance (right tentacle)
 z - a +4 ring of protection (on tentacle)
 C - a ring of ice
 D - a ring of ice
Wands
 h - a wand of polymorph (2)
 B - a wand of mindburst (6)
Scrolls
 f - 4 scrolls of butterflies
 i - 5 scrolls of vulnerability
 j - 5 scrolls of teleportation
 l - 3 scrolls of immolation
 u - 3 scrolls of amnesia
 v - 5 scrolls of enchant armour
 x - 2 scrolls of brand weapon
 A - a scroll of magic mapping
Potions
 a - 3 potions of magic
 b - a potion of attraction {unknown}
 c - 5 potions of lignification
 d - a potion of heal wounds
 g - 2 potions of mutation {unknown}
 k - 4 potions of might
 m - 2 potions of berserk rage {unknown}
 n - 2 potions of curing
 p - 5 potions of flight
 q - 2 potions of invisibility
 s - 5 potions of resistance
 t - a potion of ambrosia {unknown}
 G - 2 potions of haste
Miscellaneous
 I - a phial of floods


   Skills:
 - Level 0.8 Fighting
 * Level 8.6(8.7) Short Blades
 - Level 1.0(5.4) Long Blades
 * Level 9.6 Dodging
 * Level 13.4 Stealth
 * Level 8.8 Spellcasting
 - Level 2.3 Conjurations
 - Level 2.0 Hexes
 + Level 2.5 Summonings
 - Level 2.8 Translocations
 - Level 1.2 Transmutations
 + Level 3.2 Ice Magic
 - Level 1.3 Air Magic
 - Level 7.1 Poison Magic
 - Level 2.0 Invocations
 - Level 4.7 Evocations


You had 9 spell levels left.
You knew the following spells:

 Your Spells              Type           Power      Damage    Failure   Level
a - Sting                 Tmut/Pois      100%       1d8       1%          1
b - Poisonous Vapours     Pois/Air       66%        N/A       1%          2
c - Mephitic Cloud        Conj/Pois/Air  30%        N/A       3%          3
d - Olgreb's Toxic Radia  Pois           48%        N/A       2%          4
e - Lesser Beckoning      Tloc           26%        N/A       4%          3
f - Ozocubu's Armour      Ice            28%        N/A       4%          3
g - Summon Guardian Gole  Hex/Summ       23%        N/A       6%          3

Your spell library contained the following spells:

 Spells                   Type           Power      Damage    Failure   Level
 Summon Small Mammal      Summ           96%        N/A       1%          1
 Wereblood                Tmut           17%        N/A       4%          2
 Gell's Gravitas          Tloc           26%        N/A       4%          3
 Teleport Other           Tloc           26%        N/A       4%          3
 Call Canine Familiar     Summ           24%        N/A       5%          3
 Sublimation of Blood     Necr           11%        N/A       8%          2
 Anguish                  Hex/Necr       8%         N/A       34%         4
 Leda's Liquefaction      Hex/Erth       8%         N/A       34%         4
 Dispel Undead            Necr           11%        3d9       45%         4
 Malign Gateway           Summ/Tloc      12%        N/A       100%        7
 Summon Hydra             Summ           12%        N/A       100%        7
 Polar Vortex             Ice            14%        N/A       100%        9


Dungeon Overview and Level Annotations

Branches:
Dungeon (10/15)            Temple (0/1) D:5            Lair (3/5) D:9
  Swamp (0/4) Lair:2          Orc (0/2) D:10         Bailey (visited)
  Snake: Lair:2-3    Spider: Lair:2-3

Altars:
Ashenzari
Cheibriados
Elyvilon
Kikubaaqudgha
Makhleb
Nemelex Xobeh
Okawaru
Qazlal
Ru
Trog
Uskayaw
Wu Jian
Xom
Yredelemnul
The Shining One

Shops:
D:4 (   D:9 ?([[

Annotations:
D:5 1 runed translucent door, topfpfpflanze's ghost, amateur OpAE
D:8 3 runed translucent doors, cariele's ghost, novice PaBe


Innate Abilities, Weirdness & Mutations

You cannot wear most types of armour.
You are amphibious.
You can wear up to eight rings at the same time.
Your skin changes colour to match your surroundings (Stealth+).
Your rubbery body absorbs attacks. (AC +1, EV +1)
((You are camouflaged when in or above water. (Stealth+)))
You have tentacles for arms and can constrict up to eight enemies at once.


Message History

Casting: Olgreb's Toxic Radiance (dangerous; 2% risk of failure)
Confirm with . or Enter, or press ? or * to list all spells.
You can't see any susceptible monsters within range! (Use Z to cast anyway.)
Casting: Olgreb's Toxic Radiance (dangerous; 2% risk of failure)
Confirm with . or Enter, or press ? or * to list all spells.
Aiming: Sting (safe; 1% risk of failure)
Press: ? - help, Shift-Dir - straight line, f - seven-headed hydra
Aim: a seven-headed hydra (92% to hit)
Okay, then.
Unknown command.
Press: ? - help, Dir - move target, f - seven-headed hydra Heal: a seven-headed hydra (chance to pacify: 6%)
The light of Elyvilon fails to reach the seven-headed hydra.
Okay, then.
Aiming: Mindburst
Press: ? - help, Shift-Dir - straight line, f/p - seven-headed hydra
Aim: a seven-headed hydra (chance to affect: 50%)
The seven-headed hydra's minds are blasted!
Aiming: Mindburst
Press: ? - help, Shift-Dir - straight line, f/p - seven-headed hydra
Aim: a seven-headed hydra (moderately wounded, chance to affect: 50%)
The seven-headed hydra resists with some effort.
The seven-headed hydra barely misses you. x2
The seven-headed hydra bites you! The seven-headed hydra bites you. x3
The seven-headed hydra barely misses you.
As you read the scroll of teleportation, it crumbles to dust.
You feel strangely unstable.
Your toxic aura wanes.
The seven-headed hydra bites you!
The seven-headed hydra barely misses you.
The seven-headed hydra bites you! The seven-headed hydra misses you.
The seven-headed hydra bites you.
The seven-headed hydra completely misses you.
The seven-headed hydra bites you.
You are healed.
The seven-headed hydra bites you!
The seven-headed hydra completely misses you.
The seven-headed hydra bites you!
* * * LOW HITPOINT WARNING * * *
The seven-headed hydra bites you!
You die...

# ##. ##################
##P.#######..#.##P##...##..###
#.............................
#.............................
#.......##.#....####.#P#P#####
#........##..@### #######
###.......###..D.#
#.......[.###....#
#........P###..## ##
##....†...#.#...###.###
#....................#
#....................#
#...##...............# ##..
##....<[..F.....#


You could see a seven-headed hydra.

Vanquished Creatures
  A hydra (Lair:1)
  A boulder beetle (Lair:2)
  A death yak (D:9)
  Nergalle (Lair:1)
  4 elephants
  2 black mambas
  5 cane toads
  2 torpor snails
  An orange demon (D:9)
  3 komodo dragons
  A rime drake (Lair:1)
  A troll (D:9)
  A polar bear (Lair:2)
  A hornet (D:7)
  5 blink frogs
  A raiju (D:9)
  2 dream sheep (Lair:1)
  A spriggan (Lair:2)
  3 wyverns
  6 yaks
  A basilisk (Lair:1)
  An acid dragon (D:10)
  12 water moccasins
  2 sky beasts
  7 orc warriors
  2 ice beasts
  7 black bears
  2 ogres
  12 centaurs
  7 wolves
  A kobold brigand (D:9)
  10 bullfrogs
  3 necrophages
  5 wights
  32 killer bees
  4 electric eels
  10 orc priests
  12 hounds
  3 gnoll boudas (D:8)
  5 jellies
  2 iguanas
  An orc wizard (D:8)
  7 gnolls (D:8)
  10 adders
  A white imp (D:5)
  2 ufetubi
  A worm (D:3)
  2 dart slugs (D:2)
  38 orcs
  12 bats
  8 endoplasms
  4 giant cockroaches
  13 goblins
  6 hobgoblins
  7 jackals
  14 kobolds
  3 quokkas
  11 ball pythons
  2 frilled lizards
  6 rats (D:1)
331 creatures vanquished.

Vanquished Creatures (others)
  A bush (Lair:3)
  11 demonic plants (D:4)
  10 fungi
  22 plants
  2 withered plants (D:5)
46 creatures vanquished.

Grand Total: 377 creatures vanquished

Notes
Turn   | Place    | Note
-------+----------+-------------------------------------------
     0 | D:1      | NullDivider the Octopode Venom Mage began the quest for the
                  | Orb.
     0 | D:1      | Reached XP level 1. HP: 11/11 MP: 3/3
   207 | D:1      | Reached skill level 3 in Stealth
   207 | D:1      | Reached XP level 2. HP: 17/17 MP: 3/5
   210 | D:1      | Learned a level 2 spell: Poisonous Vapours
   319 | D:1      | Found a faded altar of an unknown god.
   325 | D:1      | Prayed at the altar of an unknown god.
   325 | D:1      | Became a worshipper of Elyvilon the Healer
   325 | D:1      | Reached * piety under Elyvilon
  1041 | D:1      | Reached XP level 3. HP: 21/21 MP: 2/6
  1082 | D:1      | Learned a level 3 spell: Mephitic Cloud
  1855 | D:2      | Reached XP level 4. HP: 14/27 MP: 1/7
  2550 | D:2      | Reached ** piety under Elyvilon
  3254 | D:3      | Found a burning altar of Makhleb.
  3392 | D:3      | Found a glowing golden altar of the Shining One.
  3418 | D:3      | Reached skill level 1 in Air Magic
  3418 | D:3      | Reached XP level 5. HP: 27/31 MP: 4/9
  3562 | D:3      | Reached *** piety under Elyvilon
  3847 | D:3      | Found a basalt altar of Yredelemnul.
  3930 | D:4      | Reached skill level 4 in Stealth
  3987 | D:4      | Noticed a black bear
  4066 | D:4      | Found a sparkling altar of Nemelex Xobeh.
  4145 | D:4      | Found a sacrificial altar of Ru.
  4166 | D:4      | Reached skill level 1 in Conjurations
  4326 | D:4      | Learned a level 4 spell: Olgreb's Toxic Radiance
  4346 | D:4      | Reached XP level 6. HP: 17/36 MP: 10/10
  4558 | D:4      | Noticed a black bear
  4580 | D:4      | Killed a black bear
  4581 | D:4      | Reached skill level 1 in Long Blades
  4757 | D:4      | Found Taelur's Antique Weapon Emporium.
  4763 | D:4      | Bought a shimmering rapier for 216 gold pieces
  4763 | D:4      | Identified the +6 rapier "Oraez" {vorpal, Str+4 Int+6} (You
                  | bought it in a shop on level 4 of the Dungeon)
  4851 | D:4      | Reached **** piety under Elyvilon
  4929 | D:4      | Reached skill level 5 in Stealth
  4929 | D:4      | Reached skill level 5 in Poison Magic
  5104 | D:4      | Killed a black bear
  5105 | D:4      | Reached XP level 7. HP: 41/41 MP: 7/12
  5503 | D:5      | Entered Level 5 of the Dungeon
  5507 | D:5      | You fall into a shaft and drop 2 floors!
  5612 | D:7      | Reached skill level 1 in Short Blades
  5936 | D:7      | Noticed a hornet
  5946 | D:7      | Killed a hornet
  5947 | D:7      | Reached skill level 6 in Stealth
  5947 | D:7      | Reached XP level 8. HP: 46/46 MP: 10/14
  5997 | D:7      | Found a snail-covered altar of Cheibriados.
  5997 | D:7      | Found an ornate altar of the Wu Jian Council.
  5997 | D:7      | Found an iron altar of Okawaru.
  6252 | D:5      | Found a white marble altar of Elyvilon.
  6470 | D:5      | Reached skill level 5 in Dodging
  6562 | D:5      | Reached skill level 7 in Stealth
  6597 | D:5      | Found a staircase to the Ecumenical Temple.
  6623 | D:5      | Found a runed translucent door.
  6627 | D:5      | Noticed topfpfpflanze's ghost (amateur OpAE)
  6707 | D:5      | Reached skill level 1 in Evocations
  6774 | D:5      | Found a hide-covered altar of Uskayaw.
  6823 | D:5      | Noticed an air elemental
  6826 | D:5      | Found a stormy altar of Qazlal.
  6828 | D:5      | Noticed a water elemental
  7243 | D:6      | Reached skill level 5 in Spellcasting
  7243 | D:6      | Reached XP level 9. HP: 34/51 MP: 12/16
  7498 | D:6      | Identified the +3 robe of the Rotten Okapi {+Blink rElec
                  | Dex+3}
  7514 | D:6      | Learned a level 3 spell: Lesser Beckoning
  7559 | D:6      | Reached skill level 8 in Stealth
  7800 | D:6      | Reached ***** piety under Elyvilon
  7999 | D:6      | Found a shimmering altar of Xom.
  8167 | D:7      | Reached skill level 1 in Translocations
  8778 | D:7      | Identified the +6 short sword "Hydrabane" {venom, Int+7
                  | Stlth-}
  8912 | D:8      | Reached skill level 9 in Stealth
  9310 | D:8      | Reached XP level 10. HP: 38/56 MP: 14/19
  9726 | D:8      | Reached skill level 5 in Short Blades
  9925 | D:8      | Found a runed translucent gate.
  9925 | D:8      | Found a runed translucent gate.
  9925 | D:8      | Found a runed translucent gate.
  9986 | D:8      | Found a broken altar of Ashenzari.
  9990 | D:8      | Saw a vision of the Swamp and the Snake Pit.
  9990 | D:8      | Noticed a naga mage
  9990 | D:8      | Noticed a black mamba
  9990 | D:8      | Noticed a black mamba
  9992 | D:8      | Noticed an anaconda
  9994 | D:8      | Noticed an alligator
  9994 | D:8      | Noticed a spriggan rider
 10073 | D:8      | Noticed cariele's ghost (novice PaBe)
 10508 | D:9      | Noticed an orange demon
 10513 | D:9      | Noticed Amaemon
 10526 | D:9      | Killed an orange demon
 10648 | D:9      | Found Ciapax's Antique Armour Emporium.
 10655 | D:9      | Found Hofre's Magic Scroll Shop.
 10657 | D:9      | Found Feelyikoci's Armour Emporium.
 10671 | D:9      | Bought a scroll of identify for 30 gold pieces
 10671 | D:9      | Bought a scroll of identify for 30 gold pieces
 10705 | D:9      | Reached skill level 10 in Stealth
 10931 | D:9      | Noticed Amaemon
 10931 | D:9      | Amaemon changed into Amaemon the raiju
 10932 | D:9      | Killed Amaemon the raiju
 11484 | D:9      | Got the Codex of Frigorific Charms
 11489 | D:9      | Learned a level 3 spell: Ozocubu's Armour
 11620 | D:9      | Found Xixkautua's Weapon Boutique.
 11866 | D:9      | Found a staircase to the Lair.
 12406 | D:9      | Reached skill level 1 in Ice Magic
 12706 | D:9      | Got the Compendium of the Necrotic Union
 12774 | D:10     | Entered Level 10 of the Dungeon
 12959 | D:10     | Found an ancient bone altar of Kikubaaqudgha.
 13000 | D:10     | Found a bloodstained altar of Trog.
 13077 | D:10     | Found a flagged portal.
 13237 | Bailey   | Entered a bailey
 13315 | Bailey   | Reached XP level 11. HP: 17/62 MP: 18/21
 14106 | Bailey   | Reached skill level 11 in Stealth
 14626 | D:10     | Found a staircase to the Orcish Mines.
 15057 | Lair:1   | Entered Level 1 of the Lair of Beasts
 15285 | Lair:1   | Noticed a death yak
 15386 | D:9      | Learned a level 3 spell: Summon Guardian Golem
 15422 | D:9      | Killed a death yak
 15957 | Lair:1   | Reached skill level 1 in Summonings
 16027 | Lair:1   | Reached skill level 1 in Hexes
 16553 | Lair:1   | Reached skill level 12 in Stealth
 16662 | Lair:1   | Noticed Nergalle
 16667 | Lair:1   | Killed Nergalle
 16768 | Lair:1   | Noticed an eight-headed hydra
 16775 | Lair:1   | Killed an eight-headed hydra
 16776 | Lair:1   | Reached XP level 12. HP: 67/67 MP: 24/24
 16782 | Lair:1   | Reached ****** piety under Elyvilon
 17487 | Lair:2   | Elyvilon protects you from harm!
 17849 | Lair:2   | Reached skill level 1 in Invocations
 17962 | Lair:2   | Identified the +6 trident of Absolution {drain, Int+2}
 18074 | Lair:2   | Noticed a boulder beetle
 18088 | Lair:2   | Killed a boulder beetle
 18089 | Lair:2   | Reached skill level 13 in Stealth
 18187 | Lair:2   | Found a staircase to the Swamp.
 18459 | Lair:1   | Elyvilon protects you from harm!
 19385 | Lair:3   | Noticed a seven-headed hydra
 19488 | Lair:3   | Slain by a seven-headed hydra

Illustrated notes

Levels and vault maps discovered:
D:1:      lemuel_arrival_cross, layout_loops_ring, basic_ecumenical_altar,
          st_stairs_9
D:2:      layout_basic, kennysheep_generic_room_6
D:3:      layout_loops_cross, mainiacjoe_overflow_brackets, old_standard_altar,
          mainiacjoe_overflow_surrounded_room, hangedman_decor_opposing
D:4:      layout_loops_ring, mainiacjoe_overflow_paths, lemuel_tele_altar,
          serial_shops, nicolae_shop_hallway_stairs, dreamdust_princess_corridor
D:5:      layout_loops_ring, mainiacjoe_overflow_six_doors_small,
          nicolae_qazlal_style_of_elements, mainiacjoe_overflow_small_starburst,
          temple_green, gammafunk_ghost_grave, kennysheep_crisscross
D:6:      layout_cave_pools, mainiacjoe_overflow_chevrons,
          mrwooster_statue_mirror
D:7:      layout_loops_ring, gammafunk_temple_overflow_forgotten
D:8:      layout_basic, grunt_ashenzari_visionary
          [grunt_ashenzari_visionary_swamp, grunt_ashenzari_visionary_snake],
          gammafunk_ghost_spectres, minmay_diced_spiral
D:9:      layout_layer_cave, erik_lair_island, serial_shops,
          nicolae_shop_waterfront, nicolae_shop_crystal, shop, kennysheep_mini,
          uniq_amaemon
D:10:     layout_basic, mainiacjoe_overflow_cross_hatched, lemuel_round_altar,
          david_orc_3, enter_bailey_5
Lair:1:   layout_gridlike, serial_bayou, serial_bayou_crossing,
          serial_bayou_shore_a, serial_bayou_pond_e, serial_bayou_pond_b,
          uniq_nergalle
Lair:2:   layout_regular_city, swamp_mist, grunt_forest_stairs_clearing,
          infiniplex_staircase_pool_2
Lair:3:   kb_forest_paths, layout_small_grid, dummy_snake_entry,
          chequers_serial_rivers_large_a

Skill      XL: |  1  2  3  4  5  6  7  8  9 10 11 12 |
---------------+-------------------------------------+-----
Stealth        | 3 4 5 6 7 9 10 12 13 | 13.4
Poison Magic   | 4 5 6 7 |  7.1
Dodging        | 3 4 5 6 7 8 9 |  9.6
Air Magic      | 1 |  1.3
Spellcasting   | 3 4 5 6 8 |  8.8
Conjurations   | 1 2 |  2.3
Long Blades    | 1 |  1.0
Short Blades   | 1 3 4 6 7 8 |  8.6
Evocations     | 1 3 4 |  4.7
Translocations | 1 2 |  2.8
Ice Magic      | 1 3 |  3.2
Summonings     | 2 |  2.5
Hexes          | 1 2 |  2.0
Invocations    | 2 |  2.0
Fighting       | |  0.8
Transmutations | |  1.2

Action                   |  1- 3 |  4- 6 |  7- 9 | 10-12 || total
-------------------------+-------+-------+-------+-------++-------
Melee: Unarmed           |    27 |       |       |       ||    27
       Tentacles         |     6 |    11 |    19 |    67 ||   103
       Constrict         |     8 |    13 |    19 |    32 ||    72
       Dagger            |     8 |    28 |       |       ||    36
       Long sword        |       |    26 |       |       ||    26
       Rapier            |       |     2 |   104 |   261 ||   367
       Punch             |       |       |       |     6 ||     6
 Cast: Sting             |    56 |    41 |    39 |   119 ||   255
       Poisonous Vapours |     2 |    15 |    32 |    89 ||   138
       Mephitic Cloud    |       |     1 |       |    11 ||    12
       Olgreb's Toxic Ra |       |       |     6 |    23 ||    29
       Ozocubu's Armour  |       |       |       |     3 ||     3
Invok: Heal Self         |       |       |     1 |     8 ||     9
       Purification      |       |       |       |     1 ||     1
       Heal Other        |       |       |       |     1 ||     1
Evoke: Wand              |       |       |       |     5 ||     5
  Use: Scroll            |       |     6 |     3 |    14 ||    23
       Potion            |       |     1 |     2 |     5 ||     8
 Stab: Sleeping          |     1 |    10 |     7 |    24 ||    42
       Confused          |       |       |       |     2 ||     2
Armor: Skin              |     5 |     7 |    16 |    60 ||    88
Dodge: Dodged            |    32 |    41 |    95 |   322 ||   490
